 Dungeon Crawl Stone Soup version 0.22-a0-252-gcace5d2 (webtiles) character file.

575 KristoblXynda the Slasher (level 7, -9/55 HPs)
             Began as a Black Draconian Gladiator on Mar 2, 2018.
             Was a Follower of Ashenzari.
             Engulfed by a cloud of flame (24 damage)
             ... on level 5 of the Dungeon.
             The game lasted 00:06:00 (4186 turns).

KristoblXynda the Slasher (DrGl)                    Turns: 4186, Time: 00:06:01

Health: -9/55      AC:  6    Str: 16    XL:     7   Next: 12%
Magic:  0/7        EV: 14    Int: 11    God:    Ashenzari [*.....]
Gold:   183        SH:  0    Dex: 12    Spells: 6/6 levels left

rFire    . . .     SeeInvis .   a - +0 long sword
rCold    . . .     Gourm    .   (no shield)
rNeg     . . .     Faith    .   (armour unavailable)
rPois    .         Spirit   +   b - +0 hat
rElec    +         Reflect  .   p - scarf {Spirit}
rCorr    .         Harm     .   (no gloves)
MR       .....                  (no boots)
Stlth    +.........             (no amulet)
HPRegen  0.18/turn              (no ring)
MPRegen  0.10/turn              (no ring)

@: short of breath
A: breathe lightning, unfitting armour, electricity resistance, cold-blooded, AC
+6
a: Breathe Lightning, Curse Item, Scrying, Renounce Religion


You were on level 5 of the Dungeon.
You worshipped Ashenzari.
Ashenzari was aware of your devotion.
You were not hungry.

You visited 1 branch of the dungeon, and saw 5 of its levels.

You collected 183 gold pieces.

Inventory:

Hand Weapons
 a - a +0 long sword (weapon)
Missiles
 c - 2 throwing nets (quivered)
Armour
 b - a +0 hat (worn)
 p - a scarf of spirit shield (worn)
Jewellery
 j - an uncursed ring of flight
Scrolls
 f - 4 scrolls of identify
 g - 4 scrolls of teleportation {unknown}
 h - 2 scrolls of enchant weapon {unknown}
 k - a scroll of noise {unknown}
 l - 3 scrolls of remove curse
 o - a scroll of blinking {unknown}
Potions
 e - 2 potions of brilliance
 i - a potion of might
 m - a potion of haste {unknown}
 n - a potion of agility
 q - 2 potions of heal wounds
Comestibles
 d - 7 rations


   Skills:
 - Level 2.1 Fighting
 * Level 6.8 Long Blades
 - Level 2.0 Throwing
 + Level 4.8 Dodging


You had 6 spell levels left.
You didn't know any spells.

Dungeon Overview and Level Annotations

Branches:
Dungeon (5/15)
 Temple: D:4-7

Altars:
Ashenzari
Cheibriados
Gozag
Sif Muna
Vehumet
Yredelemnul

Shops:
D:4 *(:[*

Annotations:
D:5 Blork the orc


Innate Abilities, Weirdness & Mutations

You can breathe wild blasts of lightning.
Your glossy black scales are hard. (AC +6)
You cannot fit into any form of body armour.
You are resistant to electric shocks. (rElec)
You are cold-blooded and may be slowed by cold attacks.


Message History

Blork the orc is almost dead.
Blork the orc drinks a potion.
Blork the orc is healed!
You closely miss Blork the orc.
Blork the orc is heavily wounded.
Blork the orc barely misses you.
You hit Blork the orc but do no damage.
Your tail-slap misses Blork the orc.
Blork the orc is heavily wounded.
Blork the orc completely misses you.
You riposte.
You barely miss Blork the orc.
Blork the orc is heavily wounded.
You closely miss Blork the orc.
Blork the orc is heavily wounded.
You are engulfed in blazing flames.
Ouch! That really hurt!
* * * LOW HITPOINT WARNING * * *
Blork the orc misses you. x2
You hit Blork the orc but do no damage.
Blork the orc is heavily wounded.
You are engulfed in blazing flames.
You die...

... ...# ... #.... ...#
...##.... ...+
.........# ....# #.#
#....####...# .. ♣.♣
#...........#
....#♣♣.♣♣#...........#
.......o....#.........#
♣@♣ #.........# #§§♣
#.........# ##§#
#.........+
#.#####.........#
#...............#
#######.........#
#.........# #.........#
######'####


You could see Blork the orc.

Vanquished Creatures
  An ice beast (D:3)
  An ogre (D:4)
  2 scorpions (D:4)
  A hound (D:4)
  An iguana (D:4)
  An orc wizard (D:4)
  Robin (D:3)
  7 adders
  4 gnolls (D:4)
  2 oozes
  An adder zombie (D:4)
  A worm (D:4)
  3 dart slugs (D:2)
  A leopard gecko (D:2)
  7 orcs
  6 bats
  A giant cockroach (D:3)
  15 goblins
  8 hobgoblins
  8 jackals
  5 kobolds
  A quokka (D:3)
  3 ball pythons (D:1)
  3 frilled lizards
  A leopard gecko skeleton (D:4)
  A quokka skeleton (D:4)
  5 rats
91 creatures vanquished.

Notes
Turn   | Place    | Note
-------+----------+-------------------------------------------
     0 | D:1      | KristoblXynda the Draconian Gladiator began the quest for the Orb.
     0 | D:1      | Reached XP level 1. HP: 17/17 MP: 1/1
    85 | D:1      | Reached XP level 2. HP: 19/24 MP: 2/2
   250 | D:1      | Reached XP level 3. HP: 19/29 MP: 3/3
   627 | D:2      | Found a shattered altar of Ashenzari.
   682 | D:2      | Became a worshipper of Ashenzari the Shackled
   706 | D:2      | Found a snail-covered altar of Cheibriados.
   768 | D:2      | Found a radiant altar of Vehumet.
   784 | D:2      | Found a basalt altar of Yredelemnul.
   857 | D:2      | Reached skill level 4 in Long Blades
  1055 | D:2      | Reached XP level 4. HP: 34/36 MP: 4/4
  1352 | D:3      | Noticed an ice beast
  1389 | D:3      | Noticed Robin
  1708 | D:3      | Killed an ice beast
  1708 | D:3      | Reached skill level 5 in Long Blades
  1708 | D:3      | Reached XP level 5. HP: 41/41 MP: 5/5
  1805 | D:3      | Killed Robin
  2084 | D:3      | Found a deep blue altar of Sif Muna.
  2842 | D:4      | Reached XP level 6. HP: 37/48 MP: 2/6
  2921 | D:4      | Found Sessim's General Store.
  3001 | D:4      | Reached skill level 6 in Long Blades
  3368 | D:4      | Found Enoufu's Book Shop.
  3402 | D:4      | Found Siatuut's General Store.
  3472 | D:4      | Found Tavaxug's Antique Weapon Emporium.
  3556 | D:4      | Your scales start taking on a glossy black colour.
  3556 | D:4      | Reached XP level 7. HP: 36/55 MP: 4/7
  3556 | D:4      | Gained mutation: You are resistant to electric shocks. (rElec) [Black Draconian growth]
  3592 | D:4      | Found an opulent altar of Gozag.
  3756 | D:4      | Found Qaothut's Antique Armour Boutique.
  3783 | D:4      | Reached * piety under Ashenzari
  4138 | D:5      | Entered Level 5 of the Dungeon
  4175 | D:5      | Noticed Blork the orc
  4186 | D:5      | Engulfed by a cloud of flame

Vault maps used:
D:1:      onia_arrival_handbag, serial_forest, infiniplex_forest_lined_corner,
          infiniplex_forest_clump_small, infiniplex_forest_join,
          infiniplex_forest_join, infiniplex_forest_clump_long,
          infiniplex_forest_split, infiniplex_forest_corner_1,
          infiniplex_forest_zigzag_1, infiniplex_forest_corner_1,
          infiniplex_forest_clump_tiny
D:2:      lemuel_round_altar, fiery_altar_vehumet, ashenzari_altar_1,
          kennysheep_slug_shrine
D:3:      marbit_many_paths, uniq_robin
D:4:      lemuel_coloured_pillars_altar, serial_shops,
          nicolae_shop_window_shopping, shop, shop, shop, shop, first_ration
D:5:      old_standard_altar, nicolae_ru_awakened_eye, minmay_holes,
          nrook_mini_vaults, minmay_tree_intersection, lemuel_statue_altar,
          uniq_blork_the_orc

Skill      XL: |  1  2  3  4  5  6 |
---------------+-------------------+-----
Throwing       | 2 |  2.0
Dodging        | 3 4 |  4.8
Long Blades    | 4 5 6 |  6.8
Fighting       | |  2.1

Action                   |  1- 3 |  4- 6 |  7- 9 || total
-------------------------+-------+-------+-------++-------
Melee: Long sword        |    78 |   172 |    41 ||   291
       Tailslap          |    12 |    16 |     7 ||    35
Throw: Throwing net      |       |     1 |       ||     1
 Abil: Breathe Lightning |       |       |     2 ||     2
  Use: Scroll            |       |     5 |       ||     5
       Potion            |       |     2 |       ||     2
 Stab: Sleeping          |     2 |     1 |       ||     3
  Eat: Chunk             |     1 |     8 |     2 ||    11
Armor: Skin              |    32 |    59 |    10 ||   101
Dodge: Dodged            |    78 |   104 |    27 ||   209
       Rpst.: Long sword |    29 |    32 |     8 ||    69

Table legend:
 A = Spawn XP
 B = Non-spawn XP
 C = Spawn XP percentage of total XP
 D = Spawn monster count
 E = Non-spawn monster count
 F = Spawn count percentage of total count
 G = Total turns spent on level
                    A         B        C        D         E        F      G
               +---------+---------+-------+---------+---------+-------+---------
         Total |       0 |     822 |   0.0 |       0 |      91 |   0.0 |  4186
               +---------+---------+-------+---------+---------+-------+---------
           D:1 |       0 |      45 |   0.0 |       0 |      22 |   0.0 |   627
           D:2 |       0 |      66 |   0.0 |       0 |      14 |   0.0 |  1062
           D:3 |       0 |     229 |   0.0 |       0 |      32 |   0.0 |  1100
           D:4 |       0 |     482 |   0.0 |       0 |      23 |   0.0 |  1349
               +---------+---------+-------+---------+---------+-------+---------
